 Seeded DCSS version 0.28-a0-895-g6e5f11bd55 (webtiles) character file.

Game seed: 20211123 (custom seed)

50 a11behringer the Poker (level 3, -2/45 HPs)
             Began as a Merfolk Berserker on Nov 23, 2021.
             Was a Believer of Trog.
             Slain by a goblin (7 damage)
             ... led by Robin
             ... on level 2 of the Dungeon.
             The game lasted 00:05:48 (1589 turns).

a11behringer the Poker (Merfolk Berserker)          Turns: 1589, Time: 00:05:49

Health: -2/45      AC:  0    Str: 18    XL:     3   Next: 79%
Magic:  3/3        EV: 15    Int:  6    God:    Trog [**....]
Gold:   52         SH:  0    Dex: 13    Spells: 2/2 levels left

rFire   . . .      SeeInvis .   (weapon currently unavailable)
rCold   . . .      Faith    .   (shield currently unavailable)
rNeg    . . .      Spirit   .   (armour currently unavailable)
rPois   .          Reflect  .   (helmet currently unavailable)
rElec   .          Harm     .   (cloak currently unavailable)
rCorr   .          Rampage  .   (gloves currently unavailable)
Will    .....                   (boots currently unavailable)
Stlth   ..........              (no amulet)
HPRegen 0.15/turn               (ring currently unavailable)
MPRegen 0.08/turn               (ring currently unavailable)

@: berserking, pig-form, very quick
A: fast, no casting, small, (nimble swimmer 2), (mertail)
a: Renounce Religion, Berserk, Trog's Hand


You were on level 2 of the Dungeon.
You worshipped Trog.
Trog was pleased with you.
You were a filthy swine.
You visited 1 branch of the dungeon, and saw 2 of its levels.

You collected 52 gold pieces.

Inventory:

Hand Weapons
 a - a +0 spear (melded)
Armour
 b - a +0 animal skin (melded)
 e - a +0 leather armour
 l - a +0 pair of boots (melded)
Scrolls
 h - 3 scrolls of enchant weapon {unknown}
 k - a scroll of summoning {unknown}
Potions
 c - a potion of mutation {unknown}
 d - a potion of magic {unknown}
 f - a potion of heal wounds {unknown}
 g - a potion of resistance {unknown}
 i - a potion of might {unknown}
 j - a potion of invisibility {unknown}


   Skills:
 + Level 3.8 Fighting
 * Level 5.7 Polearms
 + Level 1.5 Armour
 + Level 3.1 Dodging


You had 2 spell levels left.
You didn't know any spells.
Your spell library was empty.

Dungeon Overview and Level Annotations

Branches:
Dungeon (2/15)

Altars:

Annotations:
D:2 Robin


Innate Abilities, Weirdness & Mutations

You are a filthy swine.
You move quickly.
Your equipment is almost entirely melded.
You are incapable of wielding weapons or throwing items.
You cannot cast spells.
((You are quick and stealthy near water. (Stealth+, EV+, Speed+++)))
((Your lower body shifts to a powerful aquatic tail in water.))


Message History

You kill the goblin!
Trog accepts your kill. The goblin barely misses you.
The goblin unwields a +0 hunting sling.
The goblin wields a +0 club.
The goblin hits you but does no damage.
Robin zaps a wand.
You turn into a filthy swine.
Your +0 spear melds into your body.
Your +0 pair of boots melds into your body.
Your +0 animal skin melds into your body.
Items here: ( )) †.
You hit Robin.
Robin is lightly wounded.
The goblin hits you with a +0 club. x2; Robin hits you with a +0 dagger.
You hit Robin but do no damage.
Robin is lightly wounded.
The goblin hits you with a +0 club.
* * * LOW HITPOINT WARNING * * *
Robin zaps a wand.
You resist with significant effort. The goblin closely misses you.
You hit Robin.
Robin is lightly wounded.
The goblin hits you with a +0 club.
* * * LOW HITPOINT WARNING * * *
The goblin misses you.
You barely miss Robin.
Robin is lightly wounded.
The goblin hits you with a +0 club.
* * * LOW HITPOINT WARNING * * *
Robin hits you with a +0 dagger.
* * * LOW HITPOINT WARNING * * *
The goblin hits you with a +0 club.
* * * LOW HITPOINT WARNING * * *
A red film seems to cover your vision as you go berserk!
You feel yourself moving faster!
You feel mighty! The goblin barely misses you. The goblin misses you.
Robin zaps a wand.
You resist with significant effort.
You closely miss Robin.
Robin is lightly wounded.
You hit Robin.
Robin is moderately wounded.
The goblin hits you with a +0 club!
You die...

##.........#
.#######....#..###
.................#
#########..#####.#
..g.g..gg........#
####g####g.####..#
# ### #...###..# #
#..>...gg# #
#.#..###h# #
#.#..# #g# #
..#..# #.#
#######..# #.#
.........# #.#
########.# #.#
#.###.# #.#...#
#.##.##


You could see Robin and 2 goblins.

Vanquished Creatures
  2 dart slugs (D:2)
  3 bats
  3 endoplasms (D:1)
  4 giant cockroaches
  7 goblins
  5 hobgoblins
  4 jackals (D:1)
  2 kobolds (D:1)
  2 quokkas (D:1)
  A ball python (D:1)
  3 frilled lizards (D:1)
  4 rats
40 creatures vanquished.

Notes
Turn   | Place    | Note
-------+----------+-------------------------------------------
     0 | D:1      | a11behringer the Merfolk Berserker began the quest for the
                  | Orb.
     0 | D:1      | Reached XP level 1. HP: 18/18 MP: 1/1
   204 | D:1      | Reached XP level 2. HP: 21/24 MP: 2/2
   455 | D:1      | Reached skill level 5 in Polearms
   497 | D:1      | Found a faded altar of an unknown god.
   731 | D:1      | Reached XP level 3. HP: 30/30 MP: 3/3
   738 | D:1      | Reached ** piety under Trog
  1534 | D:2      | Noticed Robin
  1589 | D:2      | Slain by a goblin

Illustrated notes

Levels and vault maps discovered:
D:1:      wander_arrival_chamber, layout_loops_ring,
          ebering_ecumenical_altar_abandoned, serial_park_tiny_2
D:2:      cheibrodos_helix_gallery, layout_basic, chequers_avenue, uniq_jessica,
          uniq_robin

Skill      XL: |  1  2  3 |
---------------+----------+-----
Polearms       | 5 |  5.7
Dodging        | 3 |  3.1
Fighting       | |  3.8
Armour         | |  1.5

Action                   || total
-------------------------++-------
Melee: Spear             ||   157
       Unarmed           ||     6
Invok: Berserk           ||     1
 Stab: Sleeping          ||     1
Armor: Animal skin       ||    45
       Skin              ||     2
Dodge: Dodged            ||   125

Table legend: (Time is in decaauts)
 A = Elapsed time spent in this place.
 B = Non-inter-level travel time spent in this place.
 C = Inter-level travel time spent in this place.
 D = Time resting spent in this place.
 E = Time spent auto-exploring this place.
 F = Levels seen in this place.
 G = Mean time per level.
                   A        B        C        D        E       F      G
               +--------+--------+--------+--------+--------+-----+--------+
         Total |   1563 |   1427 |    136 |      0 |   1119 |   2 |  781.5 |
       Dungeon |   1563 |   1427 |    136 |      0 |   1119 |   2 |  781.5 |
               +--------+--------+--------+--------+--------+-----+--------+

Top non-repeatable levels by time:
     D:1: 1115 daAuts
     D:2: 448 daAuts
